 Dungeon Crawl Stone Soup version 0.32-a0-361-g289a535e89 (webtiles) character file.

Game seed: 14295469195050843115

201354 holysushi the Nimble (level 18, -8/147 HPs)
             Began as a Gnoll Monk on Feb 18, 2024.
             Was the Champion of Beogh.
             Mangled by Blodwig the orc apostle
             ... wielding the +7 dagger "Vumaonit" {freeze, rElec Will++ Dex+3 Stlth-}
              (13 damage)
             ... on level 1 of the Elven Halls.
             The game lasted 02:35:19 (49817 turns).

holysushi the Nimble (Gnoll Monk)                  Turns: 49817, Time: 02:35:20

Health: -8/147     AC: 17    Str:  6    XL:     18   Next: 54%
Magic:  21/34      EV: 21    Int: 19    God:    Beogh [******]
Gold:   1165       SH:  8    Dex: 21    Spells: 16/42 levels left

rFire   . . .        t - +8 morningstar of the Living Dead {flame, rElec Int+2}
rCold   . . .        J - +0 buckler
rNeg    . . .        F - +2 leather armour {Will+}
rPois   .            k - +2 hat
rElec   +            K - +2 cloak {Stlth+}
rCorr   +            s - +2 pair of gloves
SInv    .            P - +0 pair of boots
Will    ++...        v - amulet "Pattagh" {RegenMP Rampage +Inv rCorr Str-5} Stlth *+++++++++
                     h - +6 ring of intelligence
HPRegen 0.44/turn    i - ring of Shadows {Umbra +Inv Stlth+}
MPRegen 0.64/turn

%: rampage
@: lethally poisoned (-8 -> -72), death channelling, wreathed by umbra
A: walk on water, fangs 1, strong nose, distributed training
}: 1/15 runes: serpentine
a: Renounce Religion, Evoke Invisibility, Smiting, Recall Apostles, Blood for
Blood, Dismiss Boghold, warrior, Dismiss Milork, priest, Dismiss Orgrim, warrior


You were on level 1 of the Elven Halls.
You worshipped Beogh.
Beogh was exalted by your worship.
You visited 5 branches of the dungeon, and saw 27 of its levels.
You also visited: Bailey.

You collected 4007 gold pieces.
You spent 2842 gold pieces at shops.

Inventory:

Hand Weapons
 a - a +1 dagger of electrocution
 b - the +5 shortbow "Wulib" {freeze, Will+ rCorr}
   (You bought it in a shop on level 2 of the Dungeon)

   Will+:     It increases your willpower.
   rCorr:     It protects you from acid and corrosion.
 t - the +8 morningstar of the Living Dead (weapon) {flame, rElec Int+2}
   (You bought it in a shop on level 2 of the Dungeon)

   Int+2:     It affects your intelligence (+2).
   rElec:     It insulates you from electricity.
 I - a +2 rapier of draining
Missiles
 p - 16 boomerangs (quivered)
 M - a throwing net
Armour
 k - a +2 hat (worn)
 s - a +2 pair of gloves (worn)
 F - a +2 leather armour of willpower (worn)
 J - a +0 buckler (worn)
 K - a +2 cloak of stealth (worn)
 P - a +0 pair of boots (worn)
 S - a +2 robe of resistance
 Z - a +2 leather armour of poison resistance
Jewellery
 h - a +6 ring of intelligence (left hand)
 i - the ring of Shadows (right hand) {Umbra +Inv Stlth+}
   (You bought it in a shop on level 2 of the Orcish Mines)

   [ring of stealth]

   Umbra:     It surrounds you with an aura of shadow, increasing your stealth
   and reducing the accuracy of all others within it.
   +Inv:      It lets you turn invisible.
   Stlth+:    It makes you more stealthy.
 v - the amulet "Pattagh" (around neck) {RegenMP Rampage +Inv rCorr Str-5}
   (You acquired it on level 5 of the Lair of Beasts)

   [amulet of magic regeneration]

   RegenMP:   It increases your rate of magic regeneration.
   Str-5:     It affects your strength (-5).
   +Inv:      It lets you turn invisible.
   rCorr:     It protects you from acid and corrosion.
   Rampage:   It bestows one free step when moving towards enemies.
 w - a ring of protection from fire
 R - a ring of positive energy
Talismans
 g - a talisman of death
Wands
 m - a wand of digging (5)
 y - a wand of paralysis (22)
 O - a wand of iceblast (8)
 Q - a wand of light (8)
Scrolls
 d - 2 scrolls of blinking
 e - 3 scrolls of fear
 f - 3 scrolls of fog
 j - a scroll of summoning
 n - 3 scrolls of enchant armour
 o - 5 scrolls of revelation
 u - 5 scrolls of vulnerability
 A - 2 scrolls of silence
 C - 5 scrolls of teleportation
 D - 3 scrolls of enchant weapon
 G - 2 scrolls of brand weapon
 W - 2 scrolls of immolation
Potions
 c - a potion of ambrosia
 l - 4 potions of attraction
 q - a potion of berserk rage
 r - 3 potions of might
 x - a potion of lignification
 z - 4 potions of magic
 B - 3 potions of curing
 E - 2 potions of mutation
 L - 2 potions of invisibility
 N - 6 potions of brilliance
 T - 3 potions of enlightenment
 U - 3 potions of haste
 V - 3 potions of cancellation
 X - 2 potions of heal wounds
Miscellaneous
 H - a box of beasts
 Y - a condenser vane


   Skills:
 + Level 14.3 Fighting
 + Level 14.3 Short Blades
 + Level 12.9 Long Blades
 + Level 12.9 Axes
 + Level 12.9 Maces & Flails
 + Level 12.9 Polearms
 + Level 12.9 Staves
 + Level 12.9 Ranged Weapons
 + Level 12.9 Throwing
 + Level 12.9 Armour
 + Level 14.3 Dodging
 + Level 12.9 Stealth
 + Level 12.9 Shields
 + Level 12.9 Unarmed Combat
 + Level 12.9 Spellcasting
 + Level 10.9 Conjurations
 + Level 10.9 Hexes
 + Level 10.9 Summonings
 + Level 10.9 Necromancy
 + Level 10.9 Translocations
 + Level 10.9 Fire Magic
 + Level 10.9 Ice Magic
 + Level 10.9 Air Magic
 + Level 10.9 Earth Magic
 + Level 10.9 Alchemy
 + Level 14.0 Invocations
 + Level 12.9 Evocations
 + Level 11.8 Shapeshifting


You had 16 spell levels left.
You knew the following spells:

 Your Spells              Type           Power      Damage    Failure   Level
a - Martyr's Knell        Necr/Summ      52%        N/A       1%          4
b - Death Channel         Necr           26%        N/A       17%         6
c - Freezing Cloud        Conj/Ice/Air   26%        6-21      3%          5
d - Mephitic Cloud        Conj/Alch/Air  52%        N/A       1%          3
g - Irradiate             Conj/Alch      26%        3d20      3%          5
h - Confusing Touch       Hex            52%        N/A       1%          3

Your spell library contained the following spells:

 Spells                   Type           Power      Damage    Failure   Level
 Apportation              Tloc           100%       N/A       1%          1
 Freeze                   Ice            100%       1d10      1%          1
 Kiss of Death            Conj/Necr      100%       2d13      1%          1
 Necrotise                Necr           100%       1d9       1%          1
 Sting                    Conj/Alch      100%       1d9       1%          1
 Summon Small Mammal      Summ           100%       N/A       1%          1
 Call Imp                 Summ           100%       N/A       1%          2
 Cigotuvi's Dreadful Rot  Necr/Alch/Air  100%       N/A       1%          2
 Jinxbite                 Hex            100%       N/A       1%          2
 Mercury Vapours          Alch/Air       100%       N/A       1%          2
 Static Discharge         Conj/Air       100%       3-8/arc   1%          2
 Sublimation of Blood     Necr           52%        N/A       1%          2
 Call Canine Familiar     Summ           52%        N/A       1%          3
 Frozen Ramparts          Ice            100%       1d16      1%          3
 Hailstorm                Conj/Ice       52%        3d10      1%          3
 Sigil of Binding         Hex            52%        N/A       1%          3
 Vampiric Draining        Necr           52%        2d9       1%          3
 Airstrike                Air            26%        2d(4-20)  1%          4
 Dimensional Bullseye     Hex/Tloc       26%        N/A       1%          4
 Dispel Undead            Necr           52%        3d19      1%          4
 Manifold Assault         Tloc           52%        N/A       1%          4
 Olgreb's Toxic Radiance  Alch           52%        N/A       1%          4
 Petrify                  Alch/Erth      52%        N/A       1%          4
 Summon Lightning Spire   Summ/Air       52%        N/A       1%          4
 Alistair's Intoxication  Alch           34%        N/A       3%          5
 Curse of Agony           Necr           52%        N/A       3%          5
 Dispersal                Tloc           26%        N/A       17%         6
 Summon Hydra             Summ           26%        N/A       67%         7
 Disjunction              Tloc           26%        N/A       100%        8


Dungeon Overview and Level Annotations

Branches:
Dungeon (15/15) Zot: 24197  Temple (0/1) D:4            Lair (5/5) D:8 Zot: 19819
 Shoals (0/4) Lair:2        Snake (4/4) Lair:3 Zot: 12987   Slime (0/5) Lair:4
    Orc (2/2) D:9 Zot: 7160     Elf (1/3) Orc:2 Zot: 5694  Vaults (0/5) D:13
 Depths (0/4) D:15         Bailey (visited)

Altars:
Cheibriados
Dithmenos
Elyvilon
Fedhas
Gozag
Makhleb
Okawaru
Ru
Sif Muna
Wu Jian
Xom
Zin
The Shining One
Beogh
Jiyva

Shops:
D:2 *(([?   D:5 ?   D:6 *   D:7 *   Orc:2 (=**[   Snake:2 :   Snake:3 (
Snake:4 *

Portals:
Trove: D:10 (give +3 shadow dragon scales)

Annotations:
Lair:1 exclusion: downstairs
Orc:1 exclusion: downstairs
Elf:1 4 runed translucent doors


Innate Abilities, Weirdness & Mutations

You can walk on water.
Your facial features are unmistakably orcish.
You have very sharp teeth.
Your uncanny sense of smell can sniff out nearby items.
Your experience applies equally to all skills.


Message History

Blodwig mumbles some strange words.
Flames lash your martyred shade.
Your martyred shade is burned terribly!
Blodwig is engulfed in noxious fumes.
A rust devil comes into view.
Blodwig is engulfed in noxious fumes.
There is a staircase back to the Mines here.
Casting: Mephitic Cloud (safe; 1% risk of failure)
Confirm with . or Enter, or press ? or * to list all spells.
Aiming: Mephitic Cloud (safe; 1% risk of failure)
Press: ? - help, Shift-Dir - straight line The ball explodes into a vile cloud!
Blodwig is engulfed in noxious fumes.
Blodwig points at you and mumbles some strange words.
The bolt of poison hits you!!
You are poisoned.
You feel extremely sick.
Blodwig is engulfed in noxious fumes. x2
Blodwig gestures wildly while chanting.
Flames lash your martyred shade.
Your martyred shade is burned terribly!
An ice devil comes into view.
You feel extremely sick.
Blodwig is engulfed in noxious fumes.
Blodwig points at you and mumbles some strange words.
The bolt of poison hits you!!!
You are more poisoned.
* * * LOW HITPOINT WARNING * * *
You feel extremely sick.
Blodwig is engulfed in noxious fumes.
Blodwig casts a spell at you.
The bolt of poison hits the rust devil.
The bolt of poison hits you!!!
You are lethally poisoned!
* * * LOW HITPOINT WARNING * * *
The rust devil hits your martyred shade.
The rust devil corrodes your martyred shade!
Blodwig is engulfed in noxious fumes.
Blodwig gestures wildly while chanting.
Flames lash you.
You die...
Beogh appreciates Blodwig's killing of a heretic priest.

∆ ###+###
#.....#
#.....#
#$...[#
#.....#
#..ee.#
#+++#
##...##
#⌠.@.⌠# ..
##.○.##
#.# #
##)4§##
#.# ##
#.○o§.# #
#.###.
#.§W§.###.
#....
#.°4..#
..# ##.#.
#.☼4§.#
#=# #....
#.○§..#
..###...#)
###'###
#.$.# #.


You could see Blodwig the orc apostle (fast, ally target, divinely empowered), 2
deep elf sorcerers, an ice devil, 2 rust devils and a friendly martyred shade
(summoned, combustible, corroded).

Vanquished Creatures
  Rupert (Snake:1)
  Roxanne (D:15)
  A nagaraja (Snake:4)
  Louise (D:15)
  Snorg (Lair:5)
  An orc apostle (Snake:2)
  3 salamander tyrants
  A rakshasa (D:15)
  Erolcha (D:13)
  A vault guard (D:13)
  2 ice dragons (Lair:5)
  2 hydras (Lair:5)
  3 boulder beetles
  8 anacondas
  An ogre mage (D:13)
  6 centaur warriors
  3 two-headed ogres
  2 catoblepae
  3 death yaks (Lair:5)
  19 naga warriors
  11 shock serpents
  17 naga sharpshooters
  A deep elf knight (Elf:1)
  3 skysharks
  5 salamander mystics
  4 skeletal warriors
  2 sea snakes
  8 naga ritualists
  2 deep elf archers (Elf:1)
  13 mana vipers
  A necromancer (D:13)
  2 orc knights (Orc:2)
  2 ugly things (D:14)
  6 deep elf pyromancers
  2 lindwurms (Lair:5)
  A harpy (Lair:2)
  2 deep elf zephyrmancers (Elf:1)
  2 cyclopes (D:13)
  5 orc sorcerers
  A manticore (D:11)
  6 salamanders
  18 naga magi
  40 black mambas
  3 meliai (D:15)
  2 kobold blastminers
  3 guardian serpents
  3 elephants (Lair:5)
  A centaur skeleton (D:15)
  4 torpor snails (Lair:5)
  5 cane toads
  2 kobold demonologists
  Maggie (D:9)
  4 rime drakes
  A yaktaur (D:13)
  A tengu conjurer (D:14)
  8 komodo dragons
  2 trolls
  2 polar bears
  5 hornets (Lair:5)
  3 tyrant leeches (Lair:5)
  5 blink frogs
  Sigmund (D:3)
  An air elemental (Elf:1)
  3 slime creatures
  2 wraiths
  A shadow (D:10)
  A spriggan (shapeshifter) (D:13)
  28 yaks
  A wyvern (D:9)
  13 humans (D:13)
  2 vampire mosquitoes (D:11)
  3 wargs
  7 steam dragons
  3 basilisks
  33 nagas
  10 water moccasins
  3 acid dragons
  Duvessa (D:4)
  20 orc warriors
  A black bear (D:7)
  6 ice beasts
  A sky beast (D:7)
  A wolf (D:8)
  5 ogres
  3 boggarts (D:14)
  15 centaurs
  3 phantoms
  5 bullfrogs
  7 kobold brigands
  A scorpion (D:4)
  Dowan (D:4)
  4 jellies
  15 killer bees
  4 electric eels (Snake:1)
  2 howler monkeys
  A bombardier beetle (D:5)
  4 hounds
  3 orc priests
  A gnoll bouda (D:5)
  A sleepcap (D:7)
  Terence (D:2)
  9 iguanas
  6 orc wizards
  5 gnolls
  10 adders
  A shadow imp (D:6)
  2 ufetubi (D:6)
  A ribbon worm (D:5)
  5 dart slugs
  26 orcs
  12 endoplasms
  6 giant cockroaches
  7 hobgoblins
  6 jackals
  38 kobolds
  4 quokkas
  8 ball pythons
  9 frilled lizards
  6 goblins
  10 rats
659 creatures vanquished.

Vanquished Creatures (collateral kills)
  Vashnia (Snake:2)
  Jorgrun (D:14)
  A nagaraja (Snake:4)
  Azrael (D:14)
  2 hydras
  A salamander tyrant (Snake:4)
  The ghost of cordlesssteve the Eclecticist, a journeyman DESu of Hepliaklqana (Lair:3)
  A catoblepas (Lair:1)
  5 anacondas
  2 boulder beetles
  5 two-headed ogres
  2 naga warriors
  A shock serpent (Snake:2)
  An occultist (D:15)
  5 naga sharpshooters
  Sonja (Lair:3)
  A skyshark (Lair:4)
  3 salamander mystics
  4 skeletal warriors
  A swamp dragon (Lair:5)
  A necromancer (D:15)
  3 naga ritualists
  2 harpies (Lair:2)
  A deep elf zephyrmancer (D:15)
  An ugly thing (D:14)
  An orc sorcerer (Orc:2)
  2 manticores
  A centaur zombie (D:15)
  2 cyclopes
  7 salamanders
  6 black mambas
  2 elephants (Lair:5)
  2 kobold blastminers (Orc:2)
  5 naga magi
  2 torpor snails
  A centaur skeleton (D:15)
  8 cane toads
  A guardian serpent (Snake:3)
  2 gargoyles
  8 komodo dragons
  2 unseen horrors
  A freezing wraith (D:15)
  A rime drake (Lair:5)
  2 tengu conjurers (D:15)
  2 trolls
  2 hornets (Lair:5)
  8 blink frogs
  10 slime creatures
  A yak (shapeshifter) (D:14)
  4 wyverns
  25 yaks
  6 humans (D:13)
  A basilisk (Lair:2)
  3 fire elementals (D:14)
  5 vampire mosquitoes
  15 nagas
  2 hell hounds (D:14)
  10 water moccasins
  A swamp drake (Lair:5)
  A black bear (Lair:2)
  2 boggarts (D:14)
  An ogre (D:13)
  3 centaurs
  6 bullfrogs
  An electric eel (Lair:2)
  An orc wizard (Orc:2)
  8 iguanas
  12 frilled lizards (Lair:4)
234 creatures vanquished.

Vanquished Creatures (others)
  A vault guard (D:13)
  12 orc apostles
  An orc knight (Orc:2)
  A fire elemental (D:14)
  A warg (Orc:2)
  A human (D:13)
  A hell hound (D:14)
  An orc warrior (D:13)
  2 killer bees
  2 orc priests
  2 orc wizards (Orc:2)
  14 orcs
  2 kobolds (D:8)
41 creatures vanquished.

Grand Total: 934 creatures vanquished

Notes
Turn   | Place    | Note
-------+----------+-------------------------------------------
     0 | D:1      | holysushi the Gnoll Monk began the quest for the Orb.
     0 | D:1      | Reached XP level 1. HP: 23/23 MP: 1/1
    17 | D:1      | Found a faded altar of an unknown god.
    90 | D:1      | Reached XP level 2. HP: 27/29 MP: 2/2
   325 | D:1      | Reached XP level 3. HP: 33/35 MP: 3/3
   391 | D:1      | Reached skill level 1 in Invocations
   411 | D:1      | Reached skill level 1 in Long Blades
   411 | D:1      | Reached skill level 1 in Axes
   411 | D:1      | Reached skill level 1 in Maces & Flails
   411 | D:1      | Reached skill level 1 in Polearms
   411 | D:1      | Reached skill level 1 in Staves
   411 | D:1      | Reached skill level 1 in Ranged Weapons
   411 | D:1      | Reached skill level 1 in Throwing
   411 | D:1      | Reached skill level 1 in Armour
   411 | D:1      | Reached skill level 1 in Stealth
   411 | D:1      | Reached skill level 1 in Shields
   411 | D:1      | Reached skill level 1 in Unarmed Combat
   411 | D:1      | Reached skill level 1 in Spellcasting
   411 | D:1      | Reached skill level 1 in Evocations
  1070 | D:2      | Reached skill level 1 in Shapeshifting
  1070 | D:2      | Reached XP level 4. HP: 39/41 MP: 5/5
  1174 | D:2      | Found Ixazoev's Armour Boutique.
  1196 | D:2      | Found Hyes's Magic Scroll Emporium.
  1200 | D:2      | Bought a scroll of teleportation for 36 gold pieces
  1344 | D:2      | Reached skill level 1 in Conjurations
  1344 | D:2      | Reached skill level 1 in Hexes
  1344 | D:2      | Reached skill level 1 in Summonings
  1344 | D:2      | Reached skill level 1 in Necromancy
  1344 | D:2      | Reached skill level 1 in Translocations
  1344 | D:2      | Reached skill level 1 in Fire Magic
  1344 | D:2      | Reached skill level 1 in Ice Magic
  1344 | D:2      | Reached skill level 1 in Air Magic
  1344 | D:2      | Reached skill level 1 in Earth Magic
  1344 | D:2      | Reached skill level 1 in Alchemy
  1369 | D:2      | Found Ureur's Weapon Shop.
  1385 | D:2      | Found Vontuyv's Antique Weapon Shoppe.
  1396 | D:2      | Noticed Terence
  1439 | D:2      | Killed Terence
  1452 | D:2      | Found Ibiem's General Store.
  1898 | D:3      | Noticed Sigmund
  2166 | D:3      | Reached XP level 5. HP: 46/47 MP: 7/7
  2360 | D:4      | Noticed a phantom
  2384 | D:4      | Killed a phantom
  2411 | D:4      | Noticed Dowan
  2413 | D:4      | Noticed Duvessa
  2727 | D:4      | Reached XP level 6. HP: 53/53 MP: 8/8
  2807 | D:4      | Found a staircase to the Ecumenical Temple.
  3115 | D:5      | Entered Level 5 of the Dungeon
  3408 | D:5      | Reached XP level 7. HP: 32/60 MP: 10/10
  3759 | D:5      | Found Opajop's Magic Scroll Emporium.
  3871 | D:5      | HP: 2/60 [acid (12)]
  4645 | D:5      | Reached XP level 8. HP: 36/67 MP: 12/12
  4945 | D:6      | Learned a level 1 spell: Kiss of Death
  4948 | D:6      | Learned a level 2 spell: Mercury Vapours
  4952 | D:6      | Learned a level 3 spell: Confusing Touch
  4956 | D:6      | Learned a level 3 spell: Mephitic Cloud
  5585 | D:5      | Bought a scroll of summoning for 133 gold pieces
  6020 | D:7      | Reached XP level 9. HP: 73/73 MP: 14/14
  6097 | D:7      | Learned a level 5 spell: Freezing Cloud
  6304 | D:7      | Found Zyhynain's General Store.
  7010 | D:8      | Reached skill level 5 in Invocations
  7392 | D:7      | Reached skill level 5 in Long Blades
  7392 | D:7      | Reached skill level 5 in Axes
  7392 | D:7      | Reached skill level 5 in Maces & Flails
  7392 | D:7      | Reached skill level 5 in Polearms
  7392 | D:7      | Reached skill level 5 in Staves
  7392 | D:7      | Reached skill level 5 in Ranged Weapons
  7392 | D:7      | Reached skill level 5 in Throwing
  7392 | D:7      | Reached skill level 5 in Armour
  7392 | D:7      | Reached skill level 5 in Stealth
  7392 | D:7      | Reached skill level 5 in Shields
  7392 | D:7      | Reached skill level 5 in Unarmed Combat
  7392 | D:7      | Reached skill level 5 in Spellcasting
  7392 | D:7      | Reached skill level 5 in Evocations
  7505 | D:7      | Reached XP level 10. HP: 75/81 MP: 12/17
  7787 | D:8      | Found a staircase to the Lair.
  8035 | D:8      | Reached skill level 5 in Shapeshifting
  8522 | D:9      | Found a staircase to the Orcish Mines.
  8528 | D:9      | Noticed Maggie
  8602 | Lair:1   | Entered Level 1 of the Lair of Beasts
  8648 | Lair:1   | Noticed a cane toad
  8751 | D:9      | Noticed a kobold demonologist
  8774 | D:8      | Killed a kobold demonologist
  9557 | D:9      | Killed Maggie
  9811 | D:8      | Reached skill level 5 in Conjurations
  9811 | D:8      | Reached skill level 5 in Hexes
  9811 | D:8      | Reached skill level 5 in Summonings
  9811 | D:8      | Reached skill level 5 in Necromancy
  9811 | D:8      | Reached skill level 5 in Translocations
  9811 | D:8      | Reached skill level 5 in Fire Magic
  9811 | D:8      | Reached skill level 5 in Ice Magic
  9811 | D:8      | Reached skill level 5 in Air Magic
  9811 | D:8      | Reached skill level 5 in Earth Magic
  9811 | D:8      | Reached skill level 5 in Alchemy
  9922 | D:9      | Reached XP level 11. HP: 77/89 MP: 9/20
 10389 | D:9      | Found a sacrificial altar of Ru.
 10413 | D:9      | Found a glowing golden altar of the Shining One.
 10417 | D:9      | Found a burning altar of Makhleb.
 10417 | D:9      | Found an opulent altar of Gozag.
 10417 | D:9      | Found a shadowy altar of Dithmenos.
 10420 | D:9      | Found a shimmering blue altar of Sif Muna.
 10696 | Orc:1    | Entered Level 1 of the Orcish Mines
 10717 | Orc:1    | Became a worshipper of Beogh the Shepherd
 10717 | Orc:1    | Reached * piety under Beogh
 10717 | Orc:1    | Reached ** piety under Beogh
 10723 | Orc:1    | Noticed an orc sorcerer
 10840 | D:10     | Entered Level 10 of the Dungeon
 11029 | D:10     | Found a flagged portal.
 11089 | Bailey   | Entered a bailey
 11951 | Bailey   | Acquired 1066 gold pieces
 12136 | D:10     | Found a snail-covered altar of Cheibriados.
 12176 | D:10     | Found a portal to a secret trove of treasure.
 12374 | D:4      | Killed Dowan
 12778 | D:4      | Killed Duvessa
 13017 | D:4      | Found a shadowy altar of Dithmenos.
 13017 | D:4      | Found a burning altar of Makhleb.
 13017 | D:4      | Found an iron altar of Okawaru.
 13017 | D:4      | Found an ornate altar of the Wu Jian Council.
 13017 | D:4      | Found a blossoming altar of Fedhas.
 13017 | D:4      | Found a white marble altar of Elyvilon.
 13306 | D:3      | Killed Sigmund
 13515 | D:2      | Bought a crude shortbow for 184 gold pieces
 13515 | D:2      | Identified the +5 shortbow "Wulib" {freeze, Will+ rCorr}
                  | (You bought it in a shop on level 2 of the Dungeon)
 13521 | D:2      | Bought a transparent morningstar for 207 gold pieces
 13521 | D:2      | Identified the +8 morningstar of the Living Dead {flame,
                  | rElec Int+2} (You bought it in a shop on level 2 of the
                  | Dungeon)
 13566 | D:2      | Bought a +2 leather armour of willpower for 190 gold pieces
 13651 | D:2      | Bought 3 scrolls of blinking for 292 gold pieces
 13651 | D:2      | Bought a scroll of identify for 26 gold pieces
 13692 | D:2      | Bought a scroll of identify for 24 gold pieces
 13692 | D:2      | Bought a scroll of identify for 24 gold pieces
 13925 | D:6      | Found Pirhit's Serpentskin Sales.
 13933 | D:6      | Bought Tocanun's Codex of Chrysopoeia for 352 gold pieces
 13938 | D:6      | Learned a level 4 spell: Olgreb's Toxic Radiance
 13944 | D:6      | Learned a level 5 spell: Irradiate
 14175 | D:2      | Bought a scroll of amnesia for 48 gold pieces
 14346 | Orc:1    | Paralysed by an orc sorcerer for 5 turns
 14622 | D:9      | Killed an orc sorcerer
 15022 | Orc:2    | Entered Level 2 of the Orcish Mines
 15241 | Orc:2    | Reached *** piety under Beogh
 15255 | Orc:2    | Identified the +4 great sword of Foolhardiness {flame,
                  | Will+}
 15255 | Orc:2    | Noticed Learuk
 15307 | Orc:2    | Anointed Learuk the warrior as your apostle
 15636 | Orc:2    | Found a shimmering altar of Xom.
 15726 | Orc:2    | Noticed a boulder beetle
 15726 | Orc:2    | Noticed an orc knight
 15840 | Orc:2    | Your ally Learuk died
 15842 | Orc:2    | Noticed an orc sorcerer
 16509 | Orc:2    | Killed a boulder beetle
 16701 | Orc:2    | Found a staircase to the Elven Halls.
 16838 | Orc:2    | Pacified an orc sorcerer
 17054 | Orc:2    | Noticed an orc sorcerer
 17087 | Orc:2    | Killed an orc knight
 17238 | Orc:2    | Killed an orc sorcerer
 17239 | Orc:2    | Reached XP level 12. HP: 88/97 MP: 16/22
 17338 | Orc:2    | Found Izugygg's General Store.
 18007 | Orc:2    | Noticed an orc warlord
 18787 | D:5      | Bought a scroll of vulnerability for 56 gold pieces
 18787 | D:5      | Bought a scroll of teleportation for 42 gold pieces
 18787 | D:5      | Bought a scroll of summoning for 133 gold pieces
 18787 | D:5      | Bought a scroll of enchant weapon for 105 gold pieces
 18883 | D:2      | Bought a scroll of enchant armour for 90 gold pieces
 18883 | D:2      | Bought a scroll of brand weapon for 114 gold pieces
 18883 | D:2      | Bought a scroll of enchant armour for 90 gold pieces
 19165 | Lair:1   | Reached skill level 10 in Fighting
 19165 | Lair:1   | Reached skill level 10 in Short Blades
 19165 | Lair:1   | Reached skill level 10 in Dodging
 19576 | Lair:1   | Identified the +1 dire flail of the Spheres {freeze, rElec
                  | rN+ Int+3 Dex+4}
 19608 | Lair:1   | Anointed Orkidu the warrior as your apostle
 20251 | Lair:2   | Noticed a catoblepas
 20262 | Lair:1   | Killed a catoblepas
 20407 | Lair:2   | Found a staircase to the Shoals.
 20563 | Lair:2   | Reached **** piety under Beogh
 20593 | Lair:2   | Reached XP level 13. HP: 54/104 MP: 15/25
 21088 | Lair:2   | Noticed Boldo
 21100 | Lair:2   | Anointed Boldo the wizard as your apostle
 22007 | Lair:3   | Noticed Sonja
 22013 | Lair:3   | Killed Sonja
 22345 | Lair:3   | Reached ***** piety under Beogh
 22532 | Lair:3   | Found a staircase to the Snake Pit.
 22743 | Lair:3   | Found a runed translucent door.
 22745 | Lair:3   | Noticed cordlesssteve's ghost (journeyman DESu)
 23039 | Lair:3   | Killed cordlesssteve's ghost
 23222 | Lair:4   | Found a viscous altar of Jiyva.
 23222 | Lair:4   | Found a staircase to the Slime Pits.
 24315 | Lair:5   | Entered Level 5 of the Lair of Beasts
 24365 | Lair:5   | Your ally Orkidu died
 24367 | Lair:5   | Your ally Boldo died
 24376 | Lair:5   | Reached XP level 14. HP: 88/113 MP: 9/27
 24384 | Lair:5   | Your ally Learuk died
 24460 | Lair:5   | Reached skill level 10 in Invocations
 25439 | Lair:5   | Noticed Snorg
 25447 | Lair:5   | Killed Snorg
 26095 | Lair:5   | Anointed Boghold the warrior as your apostle
 26615 | Lair:5   | Acquired the amulet "Pattagh" {RegenMP Rampage +Inv rCorr
                  | Str-5}
 27074 | Lair:5   | Reached ****** piety under Beogh
 28622 | Orc:2    | Pacified an orc warlord
 28637 | Orc:2    | Found a roughly hewn altar of Beogh.
 28654 | Orc:2    | Found Collotod's Antique Weapon Shoppe.
 28953 | Orc:2    | Found Zibleps's General Store.
 29007 | Orc:2    | Found Ruekhoty's Antique Armour Shoppe.
 29022 | Orc:2    | Found Axzor's Jewellery Shoppe.
 30355 | D:11     | Reached skill level 10 in Long Blades
 30355 | D:11     | Reached skill level 10 in Axes
 30355 | D:11     | Reached skill level 10 in Maces & Flails
 30355 | D:11     | Reached skill level 10 in Polearms
 30355 | D:11     | Reached skill level 10 in Staves
 30355 | D:11     | Reached skill level 10 in Ranged Weapons
 30355 | D:11     | Reached skill level 10 in Throwing
 30355 | D:11     | Reached skill level 10 in Armour
 30355 | D:11     | Reached skill level 10 in Stealth
 30355 | D:11     | Reached skill level 10 in Shields
 30355 | D:11     | Reached skill level 10 in Unarmed Combat
 30355 | D:11     | Reached skill level 10 in Spellcasting
 30355 | D:11     | Reached skill level 10 in Evocations
 30488 | D:11     | Learned a level 4 spell: Martyr's Knell
 30495 | D:11     | Learned a level 6 spell: Death Channel
 30636 | D:12     | Reached XP level 15. HP: 120/120 MP: 22/29
 31119 | D:13     | Your ally Boldo died
 31386 | D:13     | Noticed Erolcha
 31595 | D:13     | Killed Erolcha
 31684 | D:13     | Found a gate to the Vaults.
 31859 | D:13     | Noticed Urug
 31864 | D:13     | Pacified Urug
 32041 | D:13     | Anointed Milork the priest as your apostle
 32503 | Orc:2    | Bought the ring of Shadows {Umbra +Inv Stlth+} for 520 gold
                  | pieces
 32503 | Orc:2    | Found the ring of Shadows {Umbra +Inv Stlth+}
 33250 | D:14     | Noticed Azrael
 33259 | D:14     | Killed Azrael
 33260 | D:14     | Noticed Jorgrun
 33278 | D:14     | Killed Jorgrun
 33754 | D:14     | Found a glowing golden altar of the Shining One.
 33754 | D:14     | Found a white marble altar of Elyvilon.
 33754 | D:14     | Found a glowing silver altar of Zin.
 34314 | D:15     | Entered Level 15 of the Dungeon
 34332 | D:15     | Noticed Roxanne
 34491 | D:15     | Killed Roxanne
 34648 | D:15     | Reached skill level 10 in Shapeshifting
 34681 | D:15     | Reached XP level 16. HP: 35/129 MP: 26/30
 35213 | D:15     | Noticed Louise
 35223 | D:15     | Killed Louise
 35360 | D:15     | Found a staircase to the Depths.
 35622 | D:15     | Found a shadowy altar of Dithmenos.
 35963 | D:15     | Upgraded the game from 0.32-a0-350-g4f4d228785 to
                  | 0.32-a0-361-g289a535e89
 36228 | D:6      | Bought a +2 leather armour of poison resistance for 176
                  | gold pieces
 36432 | Snake:1  | Entered Level 1 of the Snake Pit
 36490 | Snake:1  | Was placed under penance by Beogh
 38245 | Snake:1  | Was forgiven by Beogh
 38324 | Snake:1  | Noticed Rupert
 38338 | Snake:1  | Was placed under penance by Beogh
 38348 | Snake:1  | Killed Rupert
 39470 | Snake:2  | Found a runed translucent gate.
 39470 | Snake:2  | Found a runed translucent gate.
 39470 | Snake:2  | Found a runed translucent gate.
 39588 | Snake:2  | Noticed Vashnia
 40335 | Snake:2  | Found Hisuofoe's Book Emporium.
 40398 | Snake:2  | Was forgiven by Beogh
 40455 | Snake:2  | Reached XP level 17. HP: 137/137 MP: 32/32
 40840 | Snake:2  | Reached skill level 10 in Conjurations
 40840 | Snake:2  | Reached skill level 10 in Hexes
 40840 | Snake:2  | Reached skill level 10 in Summonings
 40840 | Snake:2  | Reached skill level 10 in Necromancy
 40840 | Snake:2  | Reached skill level 10 in Translocations
 40840 | Snake:2  | Reached skill level 10 in Fire Magic
 40840 | Snake:2  | Reached skill level 10 in Ice Magic
 40840 | Snake:2  | Reached skill level 10 in Air Magic
 40840 | Snake:2  | Reached skill level 10 in Earth Magic
 40840 | Snake:2  | Reached skill level 10 in Alchemy
 40975 | Snake:2  | Killed Vashnia
 40978 | Snake:2  | Your ally Boldo died
 41541 | Snake:3  | Your ally Boghold died
 42335 | Snake:3  | Anointed Orgrim the warrior as your apostle
 42825 | Snake:3  | Found Ojeinimm's Antique Weapon Boutique.
 43372 | Snake:3  | Your ally Boghold died
 43817 | Snake:3  | Your ally Orgrim died
 43818 | Snake:3  | Your ally Milork died
 44312 | Snake:4  | Entered Level 4 of the Snake Pit
 44832 | Snake:3  | Reached XP level 18. HP: 93/146 MP: 1/34
 45399 | Snake:4  | Your ally Milork died
 46585 | Snake:4  | Your ally Orgrim died
 46585 | Snake:4  | Your ally Boghold died
 47209 | Snake:3  | Found Ojeinimm's Antique Weapon Boutique.
 48062 | Snake:4  | Got a serpentine rune of Zot
 48432 | Snake:4  | Found Gonuack's Mayhem Merchandise.
 49510 | Elf:1    | Entered Level 1 of the Elven Halls
 49510 | Elf:1    | Found a runed translucent gate.
 49510 | Elf:1    | Found a runed translucent gate.
 49510 | Elf:1    | Found a runed translucent gate.
 49510 | Elf:1    | Found a runed translucent gate.
 49510 | Elf:1    | Found a runed translucent gate.
 49510 | Elf:1    | Found a runed translucent gate.
 49511 | Elf:1    | Found a runed translucent door.
 49568 | Elf:1    | Found a runed translucent door.
 49747 | Elf:1    | Paralysed by an air elemental for 1 turns
 49807 | Elf:1    | Identified the +7 dagger "Vumaonit" {freeze, rElec Will++
                  | Dex+3 Stlth-}
 49817 | Elf:1    | HP: 5/147 [Blodwig the orc apostle/bolt of poison (38)]
 49817 | Elf:1    | Mangled by Blodwig the orc apostle

Illustrated notes

Levels and vault maps discovered:
D:1:      zaba_arrival_water, layout_basic, ebering_ecumenical_altar_rust,
          chequers_big_river, minmay_misc_feat_secret_circle
D:2:      layout_basic, serial_shops, nicolae_shop_advertising_works
          [nicolae_subvault_shop_adworks], shop, shop, nicolae_shop_waterfront,
          nicolae_shop_rolling_square, uniq_terence
D:3:      layout_rooms, uniq_sigmund
D:4:      cheibrodos_fertilizer, layout_basic, minmay_temple_entry_sparse_star,
          eino_small_chamber_without_monster, uniq_duvessa
D:5:      layout_loops_corners, serial_shops, nicolae_shop_back_alley_shop
D:6:      layout_basic, guppyfry_shop_venom
D:7:      layout_basic, serial_shops, nicolae_shop_peninsula, minivault_26
D:8:      kennysheep_kobold_camp, layout_gridville, hellmonk_lair_entry_icy
D:9:      layout_basic, minitemple, david_orc_2, dreamdust_deal_with_the_devil,
          nicolae_eternal_life, uniq_maggie
D:10:     layout_roguey, cheibriados_altar_1, enter_bailey_8, serial_glass,
          glass_columns_a, glass_columns_a, nicolae_trove_entry_crystal
D:11:     layout_roguey, minmay_puff
D:12:     layout_cave_pools
D:13:     layout_small_grid, grunt_vaults_entry_tiered,
          kennysheep_generic_room_8, uniq_erolcha, uniq_urug
D:14:     layout_grid_maze, good_gods_mini_temple, chequers_mini_garden,
          uniq_jorgrun, uniq_azrael
D:15:     grunt_enter_depths_magical_seal, layout_gridville, serial_rivers,
          chequers_serial_rivers_large_a, chequers_serial_rivers_small_b,
          chequers_serial_rivers_small_a, chequers_serial_rivers_small_b,
          grunt_dithmenos_smoke, nicolae_houndstooth_variations, uniq_louise,
          uniq_roxanne
Lair:1:   layout_chaotic_city
Lair:2:   layout_roguey, nicolae_shoals_entry_roost, grunt_megastairs_2,
          serial_bayou_shore_a, lemuel_fruit_fields
Lair:3:   layout_small_grid, dummy_snake_entry, ebering_ghost_reflecting_pool,
          beast_lair_carwin_7, lemuel_fruit_tree, uniq_sonja
Lair:4:   lemuel_reptile_caves, layout_cave_pods, dpeg_slime_entry_enclosed
Lair:5:   guppyfry_lair_end_dragon, layout_loops_ring, wormcave,
          grunt_megastairs_4, serial_bayou_shore_b, uniq_snorg
Snake:1:  layout_misc_corridors, nicolae_snake_bzzzt, uniq_rupert
Snake:2:  layout_onion, serial_shops, shop, st_stairs_10,
          nicolae_snake_horde_hoard, uniq_vashnia
Snake:3:  cheibrodos_snake_lava_hold, layout_basic, serial_shops, shop_statue,
          nicolae_snake_gridmaze_big_u, st_stairs_4
Snake:4:  snake_pit, layout_cave_town, drop_trap, minmay_shop_mayhem,
          serial_bayou_lagoon_a
Orc:1:    layout_caves
Orc:2:    grunt_orc_cross, layout_diamond_mine, basic_altar, serial_shops, shop,
          blackcustard_rock_pile
Elf:1:    nicolae_elf_arrival_dilemma, layout_loops_ring, serial_shops,
          nicolae_shop_pleasant_corner_grove, hangedman_corner_corridor,
          minmay_shop_star

Skill      XL: |  1  2  3  4  5  6  7  8  9 10 11 12 13 14 15 16 17 18 |
---------------+-------------------------------------------------------+-----
Invocations    | 1 2 3 4 5 6 7 8 9 10 11 12 13 14 | 14.0
Long Blades    | 1 2 3 5 6 7 8 9 10 11 12 | 12.9
Axes           | 1 2 3 5 6 7 8 9 10 11 12 | 12.9
Maces & Flails | 1 2 3 5 6 7 8 9 10 11 12 | 12.9
Polearms       | 1 2 3 5 6 7 8 9 10 11 12 | 12.9
Staves         | 1 2 3 5 6 7 8 9 10 11 12 | 12.9
Ranged Weapons | 1 2 3 5 6 7 8 9 10 11 12 | 12.9
Throwing       | 1 2 3 5 6 7 8 9 10 11 12 | 12.9
Armour         | 1 2 3 5 6 7 8 9 10 11 12 | 12.9
Stealth        | 1 2 3 5 6 7 8 9 10 11 12 | 12.9
Shields        | 1 2 3 5 6 7 8 9 10 11 12 | 12.9
Unarmed Combat | 1 2 3 5 6 7 8 9 10 11 12 | 12.9
Spellcasting   | 1 2 3 5 6 7 8 9 10 11 12 | 12.9
Evocations     | 1 2 3 5 6 7 8 9 10 11 12 | 12.9
Shapeshifting  | 1 2 3 4 5 6 7 8 9 10 11 | 11.8
Conjurations   | 1 2 3 4 5 6 7 8 9 10 | 10.9
Hexes          | 1 2 3 4 5 6 7 8 9 10 | 10.9
Summonings     | 1 2 3 4 5 6 7 8 9 10 | 10.9
Necromancy     | 1 2 3 4 5 6 7 8 9 10 | 10.9
Translocations | 1 2 3 4 5 6 7 8 9 10 | 10.9
Fire Magic     | 1 2 3 4 5 6 7 8 9 10 | 10.9
Ice Magic      | 1 2 3 4 5 6 7 8 9 10 | 10.9
Air Magic      | 1 2 3 4 5 6 7 8 9 10 | 10.9
Earth Magic    | 1 2 3 4 5 6 7 8 9 10 | 10.9
Alchemy        | 1 2 3 4 5 6 7 8 9 10 | 10.9
Fighting       | 7 8 9 10 11 12 13 14 | 14.3
Short Blades   | 7 8 9 10 11 12 13 14 | 14.3
Dodging        | 7 8 9 10 11 12 13 14 | 14.3

Action                     |  1- 3 |  4- 6 |  7- 9 | 10-12 | 13-15 | 16-18 || total
---------------------------+-------+-------+-------+-------+-------+-------++-------
  Melee: Short sword       |   103 |   235 |     2 |       |       |       ||   340
         Bite              |     9 |    39 |    67 |    72 |    72 |    59 ||   318
         Dagger            |       |       |   316 |   457 |   442 |   348 ||  1563
         Whip              |       |       |   130 |       |       |       ||   130
         Morningstar       |       |       |       |    34 |     4 |    68 ||   106
         Shortbow          |       |       |       |     5 |       |       ||     5
   Fire: Shortbow          |       |    21 |    27 |   149 |   217 |       ||   414
         Arbalest          |       |       |       |   120 |       |       ||   120
  Throw: Boomerang         |       |    10 |       |       |       |     6 ||    16
   Cast: Mercury Vapours   |       |       |    13 |     9 |     7 |       ||    29
         Confusing Touch   |       |       |    13 |    47 |    10 |     6 ||    76
         Mephitic Cloud    |       |       |     5 |    44 |    49 |    17 ||   115
         Olgreb's Toxic Ra |       |       |       |    26 |    16 |       ||    42
         Irradiate         |       |       |       |     3 |     6 |     8 ||    17
         Freezing Cloud    |       |       |       |     3 |    48 |   148 ||   199
         Martyr's Knell    |       |       |       |       |    23 |    46 ||    69
         Death Channel     |       |       |       |       |     3 |    17 ||    20
 Invoke: Recall Apostles   |       |       |       |     7 |    18 |    18 ||    43
         Recruit Apostle   |       |       |       |     2 |     3 |     1 ||     6
         Convert to Beogh  |       |       |       |     1 |       |       ||     1
         Dismiss Apostle   |       |       |       |       |     3 |     1 ||     4
         Smiting           |       |       |       |       |     1 |       ||     1
Ability: Evoke Invisibilit |       |       |       |       |       |     1 ||     1
  Evoke: Wand              |       |       |     1 |     4 |       |       ||     5
         Box of beasts     |       |       |       |       |     1 |     1 ||     2
    Use: Scroll            |     1 |     4 |     6 |    18 |    11 |     4 ||    44
         Potion            |       |     3 |     3 |     3 |     1 |     3 ||    13
   Stab: Sleeping          |       |     1 |     9 |     4 |    11 |    36 ||    61
         Paralysed         |       |       |     1 |       |       |       ||     1
         Confused          |       |       |    14 |    48 |    45 |    13 ||   120
         Distracted        |       |       |       |     1 |    22 |    13 ||    36
         Invisible         |       |       |       |       |       |     1 ||     1
 Armour: Robe              |    23 |    92 |   182 |    78 |   105 |    23 ||   503
         Acid dragon scale |       |       |       |    82 |       |       ||    82
         Leather armour    |       |       |       |   105 |   106 |   302 ||   513
         Skin              |       |       |       |       |       |     3 ||     3
  Dodge: Dodged            |    49 |   148 |   288 |   429 |   320 |   304 ||  1538
  Block: Other             |       |     7 |    86 |   113 |    29 |       ||   235
         Reflection        |       |       |     3 |     9 |     1 |       ||    13
         Buckler           |       |       |       |       |    88 |   156 ||   244

Table legend: (Time is in decaauts)
 A = Elapsed time spent in this place.
 B = Non-inter-level travel time spent in this place.
 C = Inter-level travel time spent in this place.
 D = Time resting spent in this place.
 E = Time spent auto-exploring this place.
 F = Levels seen in this place.
 G = Mean time per level.
                   A        B        C        D        E       F      G
               +--------+--------+--------+--------+--------+-----+--------+
         Total |  49238 |  44062 |   5176 |  15459 |  16367 |  28 | 1758.5 |
       Dungeon |  21827 |  18475 |   3352 |   4351 |   8856 |  15 | 1455.1 |
          Lair |  10180 |   9172 |   1008 |   3404 |   3408 |   5 | 2036.0 |
     Snake Pit |  11012 |  10623 |    389 |   4792 |   3125 |   4 | 2753.0 |
  Orcish Mines |   4839 |   4414 |    425 |   2515 |    710 |   2 | 2419.5 |
   Elven Halls |    304 |    304 |      0 |    152 |     14 |   1 |  304.0 |
        Bailey |   1073 |   1073 |      0 |    244 |    254 |   1 | 1073.0 |
               +--------+--------+--------+--------+--------+-----+--------+

Top non-repeatable levels by time:
 Snake:3: 4427 daAuts
   Orc:2: 3428 daAuts
  Lair:5: 3071 daAuts
     D:8: 2805 daAuts
 Snake:2: 2663 daAuts
 Snake:4: 2326 daAuts
     D:7: 2086 daAuts
  Lair:3: 1953 daAuts
     D:4: 1892 daAuts
  Lair:4: 1869 daAuts
     D:5: 1809 daAuts
     D:9: 1676 daAuts
  Lair:1: 1651 daAuts
  Lair:2: 1635 daAuts
    D:15: 1630 daAuts
